 Dungeon Crawl Stone Soup version 0.29-a0-234-g0dae59b3db (console) character file.

Game seed: 14802143229661823779

96 Ignak the Sneak (level 4, -2/32 HPs)
             Began as a Gnoll Enchanter on Mar 3, 2022.
             Slain by a gnoll
             ... wielding a +0 halberd
              (13 damage)
             ... on level 2 of the Dungeon.
             The game lasted 00:06:09 (2188 turns).

Ignak the Sneak (Gnoll Enchanter)                   Turns: 2188, Time: 00:06:10

Health: -2/32      AC:  5    Str:  7    XL:     4   Next: 67%
Magic:  1/11       EV: 13    Int: 17    God:
Gold:   113        SH:  0    Dex: 16    Spells: 8/13 levels left

rFire   . . .      SeeInvis .   k - +3 dagger
rCold   . . .      Faith    .   (no shield)
rNeg    . . .      Spirit   .   a - +0 leather armour of Hopscotch {Dex+4}
rPois   .          Reflect  .   (no helmet)
rElec   .          Harm     .   d - +0 cloak
rCorr   .          Rampage  .   j - +0 pair of gloves
Will    .....                   (no boots)
Stlth   +++.......              (no amulet)
HPRegen 0.10/turn               (no ring)
MPRegen 0.12/turn               (no ring)

@: very slightly contaminated
A: fangs 1, strong nose, distributed training
a: no special abilities


You were on level 2 of the Dungeon.
You visited 1 branch of the dungeon, and saw 2 of its levels.

You collected 113 gold pieces.

Inventory:

Hand Weapons
 k - a +3 dagger (weapon)
Missiles
 c - 7 poisoned darts (quivered)
Armour
 a - the +0 leather armour of Hopscotch (worn) {Dex+4}
   (You found it on level 2 of the Dungeon)

   Dex:       It affects your dexterity (+4).
 d - a +0 cloak (worn)
 j - a +0 pair of gloves (worn)
Scrolls
 b - a scroll of identify {unknown}
 f - a scroll of silence {unknown}
 g - 3 scrolls of fog {unknown}
 h - 2 scrolls of teleportation {unknown}
Potions
 e - a potion of attraction {unknown}
 i - a potion of invisibility


   Skills:
 + Level 1.2 Fighting
 + Level 2.8 Short Blades
 + Level 1.2 Long Blades
 + Level 1.2 Axes
 + Level 1.2 Maces & Flails
 + Level 1.2 Polearms
 + Level 1.2 Staves
 + Level 1.2 Slings
 + Level 1.2 Bows
 + Level 1.2 Crossbows
 + Level 1.2 Throwing
 + Level 1.2 Armour
 + Level 4.7 Dodging
 + Level 6.1 Stealth
 + Level 1.2 Shields
 + Level 1.2 Unarmed Combat
 + Level 5.1 Spellcasting
 + Level 1.0 Conjurations
 + Level 5.5 Hexes
 + Level 1.0 Summonings
 + Level 1.0 Necromancy
 + Level 1.0 Translocations
 + Level 1.0 Transmutations
 + Level 1.0 Fire Magic
 + Level 1.0 Ice Magic
 + Level 1.0 Air Magic
 + Level 1.0 Earth Magic
 + Level 1.0 Poison Magic
 + Level 1.3 Invocations
 + Level 1.2 Evocations


You had 8 spell levels left.
You knew the following spells:

 Your Spells              Type           Power      Damage    Failure   Level
c - Ensorcelled Hibernat  Hex/Ice        30%        N/A       9%          2
g - Tukima's Dance        Hex            23%        N/A       6%          3

Your spell library contained the following spells:

 Spells                   Type           Power      Damage    Failure   Level
 Confusing Touch          Hex            23%        N/A       6%          3
 Dazzling Flash           Conj/Hex       30%        N/A       16%         3


Dungeon Overview and Level Annotations

Branches:
Dungeon (2/15)

Altars:


Innate Abilities, Weirdness & Mutations

You have very sharp teeth.
Your uncanny sense of smell can sniff out nearby items.
Your experience applies equally to all skills.


Message History

You impale the gnoll!!
You kill the gnoll!
The gnoll closely misses you.
Your Conjurations skill increases to level 1!
Your Summonings skill increases to level 1!
Your Necromancy skill increases to level 1!
Your Translocations skill increases to level 1!
Your Transmutations skill increases to level 1!
Your Fire Magic skill increases to level 1!
Your Ice Magic skill increases to level 1!
Your Air Magic skill increases to level 1!
Your Earth Magic skill increases to level 1!
Your Poison Magic skill increases to level 1!
Casting: Ensorcelled Hibernation (safe; 9% risk of failure)
Confirm with . or Enter, or press ? or * to list all spells.
Aiming: Ensorcelled Hibernation (safe; 9% risk of failure)
Press: ? - help, Shift-Dir - straight line, f - gnoll
Aim: a gnoll, wielding a +0 halberd (chance to affect: 57%)
The gnoll resists with significant effort.
The gnoll completely misses you.
Casting: Ensorcelled Hibernation (safe; 9% risk of failure)
Confirm with . or Enter, or press ? or * to list all spells.
Aiming: Ensorcelled Hibernation (safe; 9% risk of failure)
Press: ? - help, Shift-Dir - straight line, f/p - gnoll
Aim: a gnoll, wielding a +0 halberd (chance to affect: 57%)
The gnoll resists with significant effort.
The gnoll closely misses you.
Casting: Ensorcelled Hibernation (safe; 9% risk of failure)
Confirm with . or Enter, or press ? or * to list all spells.
Aiming: Ensorcelled Hibernation (safe; 9% risk of failure)
Press: ? - help, Shift-Dir - straight line, f/p - gnoll
Aim: a gnoll, wielding a +0 halberd (chance to affect: 57%)
You miscast Ensorcelled Hibernation.
You are very lightly contaminated with residual magic.
Nothing appears to happen.
The gnoll closely misses you. The gnoll hits you with a +0 halberd!
You hit the gnoll. You bite the gnoll, but do no damage.
The gnoll is moderately wounded.
The gnoll hits you with a +0 halberd!
You die...

.#..................
#........#..........#
#........#.รท..#.....#
#.###)...##[#.......#
.............#.......#
.##.#..................
#........................
#.#'##.....g........#....
#....#......@)......#....#
....#....#######[<...........#
..............###.######.....#.
....##........# #.#............
..............###).............
...............[...............
...............................
........#......................
#'##...........................


You could see a gnoll.

Vanquished Creatures
  An orc wizard (D:2)
  3 gnolls
  4 orcs (D:1)
  A ball python (D:2)
  A bat (D:2)
  4 endoplasms (D:1)
  4 goblins
  8 hobgoblins
  2 quokkas
  A frilled lizard (D:1)
  3 kobolds
  2 rats
34 creatures vanquished.

Vanquished Creatures (others)
  Robin (D:2)
  2 goblins (D:2)
3 creatures vanquished.

Grand Total: 37 creatures vanquished

Notes
Turn   | Place    | Note
-------+----------+-------------------------------------------
     0 | D:1      | Ignak the Gnoll Enchanter began the quest for the Orb.
     0 | D:1      | Reached XP level 1. HP: 13/13 MP: 6/6
   373 | D:1      | Reached XP level 2. HP: 19/19 MP: 7/7
   654 | D:1      | You fall into a shaft and drop 1 floor!
   657 | D:2      | Noticed Robin
   684 | D:2      | Killed Robin
   715 | D:1      | Learned a level 2 spell: Ensorcelled Hibernation
  1109 | D:1      | Reached XP level 3. HP: 9/25 MP: 6/9
  1308 | D:1      | Reached skill level 5 in Spellcasting
  1457 | D:1      | Reached skill level 6 in Stealth
  1772 | D:2      | Reached skill level 1 in Fighting
  1772 | D:2      | Reached skill level 1 in Long Blades
  1772 | D:2      | Reached skill level 1 in Axes
  1772 | D:2      | Reached skill level 1 in Maces & Flails
  1772 | D:2      | Reached skill level 1 in Polearms
  1772 | D:2      | Reached skill level 1 in Staves
  1772 | D:2      | Reached skill level 1 in Slings
  1772 | D:2      | Reached skill level 1 in Bows
  1772 | D:2      | Reached skill level 1 in Crossbows
  1772 | D:2      | Reached skill level 1 in Throwing
  1772 | D:2      | Reached skill level 1 in Armour
  1772 | D:2      | Reached skill level 1 in Shields
  1772 | D:2      | Reached skill level 1 in Unarmed Combat
  1772 | D:2      | Reached skill level 1 in Invocations
  1772 | D:2      | Reached skill level 1 in Evocations
  1772 | D:2      | Reached XP level 4. HP: 32/32 MP: 8/11
  1808 | D:2      | Learned a level 3 spell: Tukima's Dance
  1947 | D:2      | Identified the +0 leather armour of Hopscotch {Dex+4}
  2184 | D:2      | Reached skill level 1 in Conjurations
  2184 | D:2      | Reached skill level 1 in Summonings
  2184 | D:2      | Reached skill level 1 in Necromancy
  2184 | D:2      | Reached skill level 1 in Translocations
  2184 | D:2      | Reached skill level 1 in Transmutations
  2184 | D:2      | Reached skill level 1 in Fire Magic
  2184 | D:2      | Reached skill level 1 in Ice Magic
  2184 | D:2      | Reached skill level 1 in Air Magic
  2184 | D:2      | Reached skill level 1 in Earth Magic
  2184 | D:2      | Reached skill level 1 in Poison Magic
  2188 | D:2      | Slain by a gnoll

Illustrated notes

Levels and vault maps discovered:
D:1:      tarquinn_simple_flora_water_b, layout_basic
D:2:      layout_basic, uniq_robin

Skill      XL: |  1  2  3  4 |
---------------+-------------+-----
Spellcasting   | 5 |  5.1
Stealth        | 6 |  6.1
Fighting       | 1 |  1.2
Long Blades    | 1 |  1.2
Axes           | 1 |  1.2
Maces & Flails | 1 |  1.2
Polearms       | 1 |  1.2
Staves         | 1 |  1.2
Slings         | 1 |  1.2
Bows           | 1 |  1.2
Crossbows      | 1 |  1.2
Throwing       | 1 |  1.2
Armour         | 1 |  1.2
Shields        | 1 |  1.2
Unarmed Combat | 1 |  1.2
Invocations    | 1 |  1.3
Evocations     | 1 |  1.2
Conjurations   | 1 |  1.0
Summonings     | 1 |  1.0
Necromancy     | 1 |  1.0
Translocations | 1 |  1.0
Transmutations | 1 |  1.0
Fire Magic     | 1 |  1.0
Ice Magic      | 1 |  1.0
Air Magic      | 1 |  1.0
Earth Magic    | 1 |  1.0
Poison Magic   | 1 |  1.0
Short Blades   | |  2.8
Dodging        | |  4.7
Hexes          | |  5.5

Action                   |  1- 3 |  4- 6 || total
-------------------------+-------+-------++-------
Melee: Dagger            |    82 |    31 ||   113
       Bite              |     7 |     3 ||    10
       Punch             |     2 |       ||     2
Throw: Dart              |     2 |       ||     2
 Cast: Ensorcelled Hiber |     4 |     6 ||    10
  Use: Potion            |     1 |       ||     1
 Stab: Sleeping          |     7 |     3 ||    10
       Invisible         |     2 |       ||     2
Armor: Robe              |    20 |     3 ||    23
       Leather armour    |       |     2 ||     2
Dodge: Dodged            |    63 |    29 ||    92

Table legend: (Time is in decaauts)
 A = Elapsed time spent in this place.
 B = Non-inter-level travel time spent in this place.
 C = Inter-level travel time spent in this place.
 D = Time resting spent in this place.
 E = Time spent auto-exploring this place.
 F = Levels seen in this place.
 G = Mean time per level.
                   A        B        C        D        E       F      G
               +--------+--------+--------+--------+--------+-----+--------+
         Total |   2181 |   2181 |      0 |   1273 |    301 |   2 | 1090.5 |
       Dungeon |   2181 |   2181 |      0 |   1273 |    301 |   2 | 1090.5 |
               +--------+--------+--------+--------+--------+-----+--------+

Top non-repeatable levels by time:
     D:1: 1815 daAuts
     D:2: 365 daAuts
